 Dungeon Crawl Stone Soup version 0.30.0-20-g3b4254fcbd (webtiles) character file.

Game seed: 15374784339429934977

2621 maro1969 the Basher (level 9, -10/69 HPs)
             Began as a Human Fighter on June 1, 2023.
             Was a Believer of Okawaru.
             Mangled by a small abomination (12 damage)
             ... on level 7 of the Dungeon on June 2, 2023.
             The game lasted 01:18:27 (6443 turns).

maro1969 the Basher (Human Fighter)                 Turns: 6443, Time: 01:18:28

Health: -10/69     AC: 13    Str: 18    XL:     9   Next: 91%
Magic:  9/9        EV:  9    Int:  8    God:    Okawaru [**....]
Gold:   344        SH:  5    Dex: 16    Spells: 8/8 levels left

rFire   . . .        M - +4 dire flail (freeze)
rCold   . . .        (shield currently unavailable)
rNeg    . . .        e - +2 chain mail
rPois   .            x - +0 helmet
rElec   .            (no cloak)
rCorr   .            (no gloves)
SInv    .            (no boots)
Will    .....        f - amulet of reflection Stlth
                     (no ring)
HPRegen 0.31/turn    (no ring)
MPRegen 0.11/turn

%: reflection
@: about to teleport
A: no striking features
a: Renounce Religion, Heroism


You were on level 7 of the Dungeon.
You worshipped Okawaru.
Okawaru was pleased with you.
You visited 1 branch of the dungeon, and saw 7 of its levels.

You collected 426 gold pieces.
You spent 82 gold pieces at shops.

Inventory:

Hand Weapons
 a - a +0 rapier
 i - a +4 spectral flail
 q - a +0 dagger
 r - a +0 short sword
 u - a +0 spear
 A - a +0 sling
 C - a +0 rapier
 E - a +3 halberd
 I - a +0 flail of pain
 J - a +2 short sword of venom
 K - a +2 short sword of flaming
 M - a +4 dire flail of freezing (weapon)
Missiles
 t - 22 poisoned darts (quivered)
 B - 8 stones
Armour
 b - a +0 scale mail
 c - a +0 buckler
 e - a +2 chain mail (worn)
 m - a +0 plate armour
 o - a +0 scale mail
 v - a +0 helmet
 x - a +0 helmet (worn)
Jewellery
 f - an amulet of reflection (around neck)
 l - an amulet of guardian spirit
Wands
 L - a wand of charming (10)
Scrolls
 g - 5 scrolls of poison
 j - 2 scrolls of vulnerability
 k - a scroll of teleportation
 p - 3 scrolls of identify
 w - 2 scrolls of noise
 y - 3 scrolls of enchant armour
 z - a scroll of blinking
 D - a scroll of amnesia
 F - a scroll of torment
Potions
 d - a potion of might
 h - 3 potions of brilliance
 s - a potion of flight
 G - a potion of magic
 H - a potion of heal wounds {unknown}
 N - a potion of degeneration {unknown}


   Skills:
 + Level 5.8 Fighting
 + Level 3.1 Short Blades
 + Level 8.2 Maces & Flails
 + Level 6.2 Armour
 + Level 2.4 Dodging
 + Level 0.2 Stealth
 + Level 5.8 Shields


You had 8 spell levels left.
You didn't know any spells.
Your spell library contained the following spells:

 Spells                   Type           Power      Damage    Failure   Level
 Cigotuvi's Dreadful Rot  Necr/Pois/Air  0%         N/A       99%         2
 Lesser Beckoning         Tloc           0%         N/A       99%         2
 Gell's Gravitas          Tloc           0%         N/A       100%        3
 Ignite Poison            Fire/Tmut/Pois 0%         N/A       100%        3
 Teleport Other           Tloc           0%         N/A       100%        3
 Volatile Blastmotes      Fire/Tloc      0%         2d10      100%        3
 Fulminant Prism          Conj/Hex       0%         3d5       100%        4
 Iskenderun's Mystic Bla  Conj/Tloc      0%         2d3       100%        4
 Freezing Cloud           Conj/Ice/Air   0%         6-21      100%        5
 Lee's Rapid Deconstruct  Erth           0%         3d4*      100%        5


Dungeon Overview and Level Annotations

Branches:
Dungeon (7/15)
 Temple: D:4-7

Altars:
Cheibriados
Dithmenos
Elyvilon
Fedhas
Hepliaklqana
Kikubaaqudgha
Makhleb
Nemelex Xobeh
Okawaru
Trog
Vehumet
Wu Jian
Xom
Yredelemnul
Lugonu

Shops:
D:3 ?   D:5 :

Annotations:
D:7 1 transporter


Message History

The steam dragon bites you. The steam dragon claws you. The yak gores you!
* * * LOW HITPOINT WARNING * * *
The yak barely misses you.
You sock the yak! You freeze the yak.
You kill the yak!
Okawaru accepts your kill. The steam dragon closely misses you.
The steam dragon claws you but does no damage.
The yak gores you but does no damage.
You feel better. The yak gores you!
* * * LOW HITPOINT WARNING * * *
The steam dragon bites you.
* * * LOW HITPOINT WARNING * * *
The steam dragon claws you.
* * * LOW HITPOINT WARNING * * *
Blink to where?
Press: ? - help, Q - select action, (/) - cycle Dir - move target
As you read the scroll of blinking, it crumbles to dust.
Found a club.
You feel better.
Found 10 gold pieces.
The yak attacks as you move away! The yak gores you but does no damage.
The yak attacks as you move away! The yak gores you.
* * * LOW HITPOINT WARNING * * *
As you read the scroll of teleportation, it crumbles to dust.
You feel strangely unstable. The yak gores you but does no damage.
You hit the yak but do no damage.
The yak is lightly wounded.
The yak barely misses you.
You see here a +0 club.
Your surroundings suddenly seem different. 2 small abominations and a green ugly thing come into view.
Found a corrupted altar of Lugonu.
The green ugly thing gurgles horribly!
You hear a horrible gurgling sound!
You block the green ugly thing's attack.
The small abomination hits you!
* * * LOW HITPOINT WARNING * * *
As you read the scroll of teleportation, it crumbles to dust.
You feel strangely unstable. The small abomination hits you!
You die...

###.......#
###...# #!
#...##
#...?...#
##©##.
###...
#.....>.#
.###...
##.[[
##.......#
.....#
#....
#........
....# #....
#........
.._..#
##....
#....[...
#.....#
##.....
##x..©...
#......
#@x.###..
##.....
#...u##©##.
##>...
#...##...##
#.... ##..#
..# #....
#### ..#
##### .. #


You could see a green ugly thing and 2 small abominations.

Vanquished Creatures
  Prince Ribbit (D:7)
  A wraith (D:6)
  3 yaks (D:7)
  A steam dragon (D:6)
  An ice beast (D:6)
  A black bear (D:5)
  2 ogres
  An orc warrior (D:6)
  5 scorpions
  8 wights
  A jelly (D:6)
  3 orc priests
  A sleepcap (D:3)
  Jessica (D:3)
  5 iguanas
  4 orc wizards
  Robin (D:3)
  4 gnolls (D:3)
  8 adders
  A white imp (D:7)
  2 ufetubi
  A worm (D:2)
  A dart slug (D:4)
  11 orcs
  8 endoplasms
  11 goblins (D:3)
  11 hobgoblins
  10 jackals
  9 kobolds
  5 quokkas
  4 ball pythons
  3 bats
  3 frilled lizards
  A jackal zombie (D:5)
  6 rats
  A rat zombie (D:5)
140 creatures vanquished.

Notes
Turn   | Place    | Note
-------+----------+-------------------------------------------
     0 | D:1      | maro1969 the Human Fighter began the quest for the Orb.
     0 | D:1      | Reached XP level 1. HP: 18/18 MP: 1/1
   279 | D:1      | Reached XP level 2. HP: 22/24 MP: 2/2
  1037 | D:2      | Reached XP level 3. HP: 26/29 MP: 1/3
  1900 | D:3      | Found Leusit's Magic Scroll Shoppe.
  1965 | D:3      | Bought a scroll of enchant armour for 82 gold pieces
  2134 | D:3      | Reached XP level 4. HP: 26/35 MP: 4/4
  2179 | D:3      | Reached skill level 1 in Maces & Flails
  2246 | D:3      | Reached XP level 5. HP: 35/41 MP: 5/5
  2418 | D:3      | Noticed Robin
  2432 | D:3      | Killed Robin
  2434 | D:3      | Reached skill level 2 in Maces & Flails
  2553 | D:3      | Reached XP level 6. HP: 29/47 MP: 6/6
  2585 | D:3      | Noticed Jessica
  2598 | D:3      | Killed Jessica
  2848 | D:4      | Noticed an ogre
  2853 | D:4      | Killed an ogre
  2854 | D:4      | Reached skill level 3 in Maces & Flails
  2854 | D:4      | Reached skill level 1 in Dodging
  2869 | D:4      | Reached XP level 7. HP: 53/53 MP: 7/7
  2873 | D:4      | Reached skill level 4 in Maces & Flails
  3618 | D:5      | Entered Level 5 of the Dungeon
  3664 | D:5      | Reached skill level 5 in Maces & Flails
  3664 | D:5      | Reached XP level 8. HP: 37/60 MP: 8/8
  3971 | D:5      | Found a sand-covered staircase.
  4142 | D:5      | Found Pujewn Dutiu's Tiny Tomes.
  4197 | D:5      | Found a shadowy altar of Dithmenos.
  4779 | D:6      | Reached skill level 5 in Shields
  4845 | D:6      | Found an iron altar of Okawaru.
  4847 | D:6      | Found an ornate altar of the Wu Jian Council.
  4848 | D:6      | Found a burning altar of Makhleb.
  4852 | D:6      | Found a basalt altar of Yredelemnul.
  4854 | D:6      | Found a sparkling altar of Nemelex Xobeh.
  4857 | D:6      | Found a bloodstained altar of Trog.
  4858 | D:6      | Found a blossoming altar of Fedhas.
  4858 | D:6      | Found a hazy altar of Hepliaklqana.
  4872 | D:6      | Reached skill level 6 in Maces & Flails
  4872 | D:6      | Found an ancient bone altar of Kikubaaqudgha.
  4883 | D:6      | Found a snail-covered altar of Cheibriados.
  4884 | D:6      | Found a shimmering altar of Xom.
  5008 | D:6      | Became a worshipper of Warmaster Okawaru
  5030 | D:6      | Found a white marble altar of Elyvilon.
  5045 | D:6      | Noticed a wraith
  5064 | D:6      | Killed a wraith
  5065 | D:6      | Reached skill level 5 in Armour
  5132 | D:6      | Reached XP level 9. HP: 22/66 MP: 9/9
  5509 | D:6      | Found a radiant altar of Vehumet.
  5538 | D:6      | Reached skill level 5 in Fighting
  5912 | D:6      | Reached * piety under Okawaru
  5913 | D:6      | Reached skill level 7 in Maces & Flails
  6037 | D:7      | Found a transporter.
  6106 | D:7      | Noticed Prince Ribbit
  6113 | D:7      | Killed Prince Ribbit
  6342 | D:7      | Upgraded the game from 0.30.0-19-g36f170ea60 to
                  | 0.30.0-20-g3b4254fcbd
  6400 | D:7      | Noticed a green ugly thing
  6420 | D:7      | Reached skill level 8 in Maces & Flails
  6429 | D:7      | Reached ** piety under Okawaru
  6442 | D:7      | Found a corrupted altar of Lugonu.
  6442 | D:7      | Noticed a green ugly thing
  6442 | D:7      | HP: 1/69 [small abomination (9)]
  6443 | D:7      | Mangled by a small abomination

Illustrated notes

Levels and vault maps discovered:
D:1:      dpeg_arrival_three_smaller_balls, layout_loops_ring
D:2:      layout_loops_corners
D:3:      layout_basic, serial_shops, shop, st_stairs_2, minmay_quadrilaterals,
          uniq_jessica, uniq_robin
D:4:      layout_loops_ring
D:5:      layout_cave_pods, lemuel_round_altar, enter_ossuary_3, st_stairs_9,
          minmay_misc_feat_four_crosses, nicolae_shop_i_like_small_books_too
D:6:      layout_basic, nicolae_overflow_hidden_temple,
          nicolae_overflow_hallway_of_the_gods, nicolae_vehumet_radiance
D:7:      gammafunk_corrupted_shrine, layout_rooms,
          minmay_temple_entry_butterflies, minmay_misc_feat_cross,
          grunt_ogre_cave, uniq_pikel, uniq_prince_ribbit1

Skill      XL: |  1  2  3  4  5  6  7  8  9 |
---------------+----------------------------+-----
Short Blades   | 3 |  3.1
Maces & Flails | 1 2 3 5 6 8 |  8.2
Dodging        | 1 2 |  2.4
Armour         | 4 5 6 |  6.2
Shields        | 4 5 |  5.8
Fighting       | 4 5 |  5.8
Stealth        | |  0.2

Action                     |  1- 3 |  4- 6 |  7- 9 || total
---------------------------+-------+-------+-------++-------
  Melee: Rapier            |    79 |       |       ||    79
         Flail             |    29 |    82 |   169 ||   280
         Dire flail        |       |       |    41 ||    41
    Use: Scroll            |     9 |       |     6 ||    15
         Potion            |     4 |     1 |     5 ||    10
 Armour: Chain mail        |    67 |    38 |    86 ||   191
  Dodge: Dodged            |    31 |    20 |    53 ||   104
  Block: Buckler           |    36 |    44 |    85 ||   165
         Reflection        |     1 |     2 |     2 ||     5
         Other             |       |       |     8 ||     8
